Map: Redshift LE

Players

Orzel

  • Race: Terran Terran
  • League: Gold
  • Spawn Location: 11:00

Kidneyshut - Winner!

  • Race: Zerg Zerg
  • Spawn Location: 7:00

VOD

Have the link to the VOD?

Description

Time

  • Played on: June 17, 2018, 12:19 p.m.
  • Length: 7:32
Show
View Real Time Build Order
Export as new Build Order

Orzel Terran 

Build Orders:  

Get SALT Encoding   

  12  0:01  SCV  
  13  0:17  Supply Depot  
  13  0:19  SCV  
  14  0:31  SCV  
  15  0:40  Barracks  
  15  0:44  Refinery  
  15  0:45  SCV  
  16  0:57  Barracks  
  16  1:02  SCV  
  17  1:14  SCV  
  17  1:15  Refinery  
  18  1:26  SCV  
  18  1:27  Reaper  
  20  1:33  Supply Depot  
  20  1:38  SCV  
  21  1:45  Reaper  
  22  1:50  SCV  
  23  1:59  Reaper  
  24  2:15  Factory  
  24  2:20  Reaper  
  25  2:34  Reaper  
  26  2:42  Command Center  
  26  2:50  Supply Depot  
  26  3:15  Reaper x2  
  28  3:47  Reaper x2  
  30  4:19  Reaper  
  30  4:23  Reaper  
  27  4:51  Reaper  
  28  4:55  Reaper  
  27  5:08  Factory Tech Lab  
  25  5:24  Reaper  
  25  5:28  Reaper  
  27  5:43  Cyclone  
  30  5:56  Reaper  
  31  6:00  Reaper  
  28  6:38  Cyclone  
Show
View Real Time Build Order
Export as new Build Order

Kidneyshut Zerg - Winner!

Build Orders: Pool First, Zergling Baneling 

Get SALT Encoding   

  12  0:02  Drone  
  13  0:15  Overlord  
  13  0:17  Drone  
  14  0:36  Spawning Pool  
  14  0:39  Extractor  
  14  0:41  Drone  
  13  0:46  Drone  
  14  0:50  Drone  
  14  0:55  Drone  
  16  1:05  Drone  
  17  1:29  Zergling x2  
  17  1:30  Overlord  
  17  1:31  Queen  
  20  1:36  Zergling x2  
  21  1:47  Zergling x2  
  22  2:01  Hatchery  
  22  2:06  Drone  
  23  2:08  Drone  
  23  2:21  Drone  
  24  2:28  Baneling Nest  
  23  2:34  Zergling x2  
  24  2:44  Drone x2, Zergling x2  
  25  2:45  Drone  
  25  2:49  Metabolic Boost  
  28  2:57  Overlord  
  29  3:12  Zergling x2  
  29  3:15  Baneling x5  
  28  3:26  Zergling x4  
  28  3:27  Zergling x4  
  32  3:28  Zergling x2  
  33  3:35  Queen  
  34  3:46  Zergling x2  
  34  3:47  Zergling x4  
  37  3:51  Zergling x2  
  35  3:55  Zergling x2  
  34  4:10  Zergling x10  
  34  4:14  Zergling x2  
  38  4:18  Zergling x2  
  36  4:35  Zergling x4  
  36  4:36  Zergling x4  
  38  4:44  Baneling x2  
  38  4:45  Overlord, Baneling x2  
  38  4:53  Zergling x6  
  40  5:05  Zergling x6  
  40  5:06  Zergling x2  
  44  5:10  Zergling x2  
  44  5:13  Drone  
  46  5:20  Zergling x4  
  47  5:26  Baneling x4  
  45  5:46  Zergling x2  
  45  5:47  Zergling x12  
  50  5:56  Zergling x6  
  50  6:06  Zergling x2  
  48  6:13  Zergling x4  
  48  6:15  Baneling x4  
  50  6:19  Zergling x2  
  50  6:23  Baneling x3  
  51  6:26  Overlord  
  51  6:36  Drone, Zergling x2  
  48  6:46  Zergling x4  
  44  7:03  Zergling x8  
Tags
 
League
Gold
Matchup
TvZ
Opening
Pool First
Spawn Locations
Close Positions
Add a new tag
Caveats
  • Supply blocks, unpowered buildings, or Contaminate may cause inaccurate times.
  • Supply counts are checked every 10 seconds.